 Dungeon Crawl Stone Soup version 0.28.0-53-g5a82cb258f (webtiles) character file.

Game seed: 8074069283102194627

3192 DemonSlayer the Thaumaturge (level 9, -7/61 HPs)
             Began as a Demonspawn Fire Elementalist on July 23, 2022.
             Killed from afar by Maggie (17 damage)
             ... with a bolt of fire
             ... on level 7 of the Dungeon.
             The game lasted 00:22:59 (9485 turns).

DemonSlayer the Thaumaturge (DsFE)                  Turns: 9485, Time: 00:22:59

Health: -7/61      AC:  7    Str: 18    XL:     9   Next: 64%
Magic:  10/21      EV: 13    Int: 21    God:
Gold:   301        SH:  5    Dex: 18    Spells: 3/24 levels left

rFire   . . .      SeeInvis +   h - +4 short sword (flame)
rCold   . . .      Faith    .   (no shield)
rNeg    . . .      Spirit   .   b - +0 steam dragon scales
rPois   .          Reflect  +   w - +0 helmet
rElec   +          Harm     .   (no cloak)
rCorr   .          Rampage  .   p - +0 pair of gloves
Will    .....                   (no boots)
Stlth   +++++.....              c - amulet of Ciokoomo {Reflect Drain Fragile rElec Str+10 SH+5 SInv}
HPRegen 0.20/turn               (no ring)
MPRegen 0.34/turn               (no ring)

@: hasted, very quick
A: thin skeletal structure 2, magic regeneration, demonic touch 2
a: no special abilities


You were on level 7 of the Dungeon.
You visited 1 branch of the dungeon, and saw 7 of its levels.
You also visited: Sewer.

You collected 301 gold pieces.

Inventory:

Hand Weapons
 h - a +4 short sword of flaming (weapon)
Missiles
 k - 2 throwing nets
 s - 3 atropa-tipped darts
Armour
 b - +0 steam dragon scales (worn)
 p - a +0 pair of gloves (worn)
 w - a +0 helmet (worn)
Jewellery
 c - the amulet of Ciokoomo (around neck) {Reflect Drain Fragile rElec Str+10 SH+5 SInv}
   (You acquired it on level 3 of the Dungeon)

   [amulet of reflection]

   It reflects blocked missile attacks.
   Str:       It affects your strength (+10).
   rElec:     It insulates you from electricity.
   SInv:      It lets you see invisible.
   Drain:     It drains your maximum health when unequipped.
   Fragile:   It will be destroyed if unequipped.
   SH:        It affects your SH (+5).
 x - a +6 ring of dexterity
Wands
 r - a wand of flame (24)
Scrolls
 o - a scroll of immolation {unknown}
 t - 2 scrolls of vulnerability {unknown}
 v - a scroll of identify
Potions
 e - a potion of haste
 f - a potion of invisibility {unknown}
 g - a potion of cancellation
 i - 2 potions of mutation
 l - a potion of lignification {unknown}
 m - 2 potions of curing
 q - a potion of attraction {unknown}


   Skills:
 + Level 2.2 Fighting
 + Level 3.5 Short Blades
 + Level 0.2 Throwing
 + Level 2.8 Dodging
 + Level 3.1 Stealth
 + Level 0.8 Shields
 + Level 8.3 Spellcasting
 + Level 3.1 Conjurations
 + Level 0.1 Hexes
 + Level 0.1 Summonings
 + Level 7.5 Fire Magic
 + Level 0.1 Air Magic


You had 3 spell levels left.
You knew the following spells:

 Your Spells              Type           Power      Damage    Failure   Level
a - Foxfire               Conj/Fire      100%       2x1d9     1%          1
b - Scorch                Fire           80%        2d9       1%          2
c - Summon Guardian Gole  Hex/Summ       9%         N/A       22%         3
d - Blink                 Tloc           16%        N/A       12%         2
e - Conjure Flame         Conj/Fire      31%        6-21      2%          3
f - Flame Wave            Conj/Fire      31%        2d8       9%          4
g - Call Canine Familiar  Summ           9%         N/A       22%         3
h - Mephitic Cloud        Conj/Pois/Air  13%        N/A       16%         3

Your spell library contained the following spells:

 Spells                   Type           Power      Damage    Failure   Level
 Magic Dart               Conj           84%        1d7       2%          1
 Shock                    Conj/Air       60%        1d6       4%          1
 Inner Flame              Hex/Fire       24%        N/A       4%          3
 Animate Skeleton         Necr           16%        N/A       8%          1
 Apportation              Tloc           16%        N/A       8%          1
 Beastly Appendage        Tmut           16%        N/A       8%          1
 Summon Small Mammal      Summ           36%        N/A       8%          1
 Call Imp                 Summ           9%         N/A       11%         2
 Wereblood                Tmut           8%         N/A       12%         2
 Gell's Gravitas          Tloc           8%         N/A       22%         3
 Lesser Beckoning         Tloc           8%         N/A       22%         3
 Spider Form              Tmut/Pois      8%         N/A       22%         3
 Swiftness                Air            9%         N/A       22%         3
 Teleport Other           Tloc           8%         N/A       22%         3
 Airstrike                Air            4%         N/A       58%         4
 Manifold Assault         Tloc           8%         N/A       91%         5


Dungeon Overview and Level Annotations

Branches:
Dungeon (7/15)             Temple (0/1) D:7           Sewer (visited)

Altars:
Zin

Shops:
D:4 [

Portals:
Bailey: D:7

Annotations:
D:7 Maggie


Innate Abilities, Weirdness & Mutations

You have a moderately thin skeletal structure. (Dex +4, Stealth++)
You regenerate magic rapidly.
Your touch may inflict irresistible damage on your foes.


Message History

Blink to where?
Press: ? - help, Dir - move target
As you read the scroll of blinking, it crumbles to dust.
You block the orc's attack.
It was a potion of cancellation.
Your magical effects are unravelling.
You feel magically purged.
The sentinel's mark upon you fades away.
The orc closely misses you.
It was a potion of haste.
You feel yourself speed up. The orc misses you. The orc barely misses you.
You hit the orc. You burn the orc.
The orc is severely wounded.
The orc misses you. Maggie gestures at you while chanting.
The bolt of fire hits the orc!!
The orc dies!
The bolt of fire hits you!! The orc closely misses you.
You block the orc's attack.
You hit the orc. You burn the orc.
You kill the orc!
Unknown command.
You hit the orc. You burn the orc.
The orc is severely wounded.
The orc barely misses you. x2
You barely miss the orc.
The orc is severely wounded.
You block Maggie's attack.
You hit the orc. You burn the orc.
You kill the orc!
The orc hits you with a +0 war axe.
Maggie hits you with a +0 long sword of flaming!
* * * LOW HITPOINT WARNING * * *
Maggie burns you.
* * * LOW HITPOINT WARNING * * *
The orc sings a few bars from the Orcish anthem.
Items here: )) [ †.
Maggie points at you and mumbles some strange words.
The bolt of fire hits you!
You die...

******,#.....h........#
*,#.#####.###.##.#
****,#.# #.#,...#.#
*,,,,#.# #.###.*#.#
#,**,#.# #.....##.#
###.####.# #.........
#........#####$.../....
*#####.............<...
#@#######......... #.#
#..!..o#.#
#.#*****#......#.#
######@#,,,,.........).
#..o.oo#,***##.........
#.####.#,* #....o#...
#.#######****#.[..o#..,
#§.......,,,****,*,*,,,
#.####8##*8**,,,,*,**,,


You could see Maggie, an orc wizard and an orc.

Vanquished Creatures
  Harold (D:7)
  Prince Ribbit (D:5)
  A yak (D:4)
  A steam dragon (D:5)
  A water moccasin (D:6)
  2 orc warriors
  A sky beast (D:5)
  A black bear (D:6)
  A necrophage (D:5)
  An ogre (D:6)
  A centaur (D:4)
  2 scorpions (D:6)
  2 water moccasin skeletons (D:5)
  5 wights (D:6)
  2 bullfrog zombies (D:5)
  A bullfrog skeleton (D:6)
  2 hounds
  2 centaur skeletons (D:6)
  6 jellies
  6 orc priests
  An iguana (D:4)
  5 orc wizards
  A hound zombie (D:5)
  6 adders
  3 river rats (Sewer)
  A white imp (D:6)
  3 worms
  A dart slug (D:1)
  26 orcs
  10 bats
  17 endoplasms
  11 giant cockroaches
  11 goblins
  13 hobgoblins
  7 kobolds
  4 quokkas
  7 ball pythons
  8 frilled lizards
  8 rats
183 creatures vanquished.

Vanquished Creatures (collateral kills)
  4 foxfires (D:4)
4 creatures vanquished.

Vanquished Creatures (others)
  An orc (D:7)
  332 foxfires
  5 plants (D:4)
338 creatures vanquished.

Grand Total: 525 creatures vanquished

Notes
Turn   | Place    | Note
-------+----------+-------------------------------------------
     0 | D:1      | DemonSlayer the Demonspawn Fire Elementalist began the
                  | quest for the Orb.
     0 | D:1      | Reached XP level 1. HP: 13/13 MP: 3/3
   404 | D:1      | Gained mutation: Your touch may inflict minor irresistible
                  | damage on your foes. [demonic ancestry]
   404 | D:1      | Reached XP level 2. HP: 19/19 MP: 0/5
   407 | D:1      | Learned a level 2 spell: Scorch
  2064 | D:2      | Reached XP level 3. HP: 18/24 MP: 2/6
  2980 | D:2      | Gained mutation: You have a somewhat thin skeletal
                  | structure. (Dex +2, Stealth+) [demonic ancestry]
  2980 | D:2      | Reached XP level 4. HP: 24/30 MP: 2/7
  3230 | D:2      | Learned a level 3 spell: Summon Guardian Golem
  3233 | D:2      | Learned a level 2 spell: Blink
  4137 | D:3      | Reached skill level 1 in Short Blades
  4137 | D:3      | Reached XP level 5. HP: 12/35 MP: 9/9
  4541 | D:3      | Noticed a floating eye
  4544 | D:3      | Noticed a golden eye
  4548 | D:3      | Found a faded altar of an unknown god.
  4550 | D:3      | Noticed a golden eye
  4550 | D:3      | Noticed a golden eye
  4665 | D:3      | Reached skill level 3 in Spellcasting
  4843 | D:3      | Identified a scroll of acquirement
  4843 | D:3      | Acquired the amulet of Ciokoomo {Reflect Drain Fragile
                  | rElec Str+10 SH+5 SInv}
  4944 | D:4      | Noticed a centaur
  4946 | D:4      | Noticed a yak
  4952 | D:4      | Killed a centaur
  4980 | D:5      | Entered Level 5 of the Dungeon
  4985 | D:5      | Noticed a steam dragon
  4987 | D:5      | Gained mutation: You regenerate magic rapidly. [demonic
                  | ancestry]
  4987 | D:5      | Reached XP level 6. HP: 37/42 MP: 3/11
  4995 | D:5      | Killed a steam dragon
  5076 | D:5      | Noticed an orc warrior
  5318 | D:5      | Reached skill level 1 in Fighting
  5487 | D:5      | Reached skill level 4 in Spellcasting
  5494 | D:5      | Found a glowing drain.
  5503 | Sewer    | Entered a sewer
  5579 | Sewer    | Gained mutation: You have a moderately thin skeletal
                  | structure. (Dex +4, Stealth++) [demonic ancestry]
  5579 | Sewer    | Reached XP level 7. HP: 48/48 MP: 7/13
  5888 | Sewer    | Found a viscous altar of Jiyva.
  5956 | Sewer    | Learned a level 3 spell: Conjure Flame
  5961 | Sewer    | Learned a level 4 spell: Flame Wave
  6139 | D:5      | Reached skill level 5 in Spellcasting
  6234 | D:5      | Noticed Prince Ribbit
  6251 | D:5      | Killed Prince Ribbit
  6252 | D:5      | Reached skill level 5 in Fire Magic
  6252 | D:5      | Reached XP level 8. HP: 39/56 MP: 1/16
  6754 | D:5      | Reached skill level 6 in Spellcasting
  6950 | D:5      | Learned a level 3 spell: Call Canine Familiar
  7500 | D:4      | You fall into a shaft and drop 1 floor!
  7732 | D:4      | Found Noeptan's Armour Emporium.
  8443 | D:6      | Gained mutation: Your touch may inflict irresistible damage
                  | on your foes. [demonic ancestry]
  8443 | D:6      | Reached XP level 9. HP: 61/61 MP: 8/19
  8445 | D:6      | Reached skill level 7 in Spellcasting
  8833 | D:6      | Learned a level 3 spell: Mephitic Cloud
  9186 | D:7      | Noticed Harold
  9190 | D:7      | Found a staircase to the Ecumenical Temple.
  9411 | D:7      | Identified the +7 plate armour of Entitlement {Slay+2}
  9421 | D:7      | Killed Harold
  9422 | D:7      | Reached skill level 8 in Spellcasting
  9429 | D:7      | Noticed Maggie
  9465 | D:7      | Found a flagged portal.
  9485 | D:7      | Killed from afar by Maggie

Illustrated notes

Levels and vault maps discovered:
D:1:      amcnicky_arrival_feature_with_door, layout_loops_corners
D:2:      cheibrodos_greedy_goblins, layout_basic, basic_altar
D:3:      layout_loops_cross, hellmonk_ecumenical_altar_watching_god
D:4:      layout_cave_pods, serial_bayou, serial_bayou_pond_a,
          serial_bayou_pond_b, serial_bayou_shore_b, serial_bayou_shore_b,
          serial_shops, nicolae_shop_trees, hex_tiny
D:5:      layout_gridville, gup_sewer_entry_spiral, uniq_prince_ribbit1
D:6:      layout_loops_ring, minmay_misc_feat_hallway, minmay_crystal_water
D:7:      layout_basic, minmay_temple_entry_sparse_star, enter_bailey_8,
          uniq_harold, uniq_maggie

Skill      XL: |  1  2  3  4  5  6  7  8  9 |
---------------+----------------------------+-----
Stealth        | 2 3 |  3.1
Fire Magic     | 3 4 5 6 7 |  7.5
Dodging        | 2 |  2.8
Short Blades   | 1 2 3 |  3.5
Conjurations   | 2 3 |  3.1
Spellcasting   | 3 4 5 6 8 |  8.3
Fighting       | 1 2 |  2.2
Throwing       | |  0.2
Shields        | |  0.8
Hexes          | |  0.1
Summonings     | |  0.1
Air Magic      | |  0.1

Action                   |  1- 3 |  4- 6 |  7- 9 || total
-------------------------+-------+-------+-------++-------
Melee: Short sword       |    46 |    86 |    54 ||   186
       Touch             |     5 |    11 |    15 ||    31
       Unarmed           |     1 |       |       ||     1
       Punch             |     1 |       |       ||     1
Throw: Throwing net      |       |     3 |     1 ||     4
 Cast: Foxfire           |   107 |    29 |    75 ||   211
       Scorch            |       |    29 |   115 ||   144
       Blink             |       |     1 |       ||     1
       Conjure Flame     |       |       |     2 ||     2
       Mephitic Cloud    |       |       |     1 ||     1
       Summon Guardian G |       |       |     1 ||     1
  Use: Scroll            |       |    10 |     7 ||    17
       Potion            |       |     1 |     4 ||     5
 Stab: Sleeping          |     3 |     4 |     1 ||     8
Armor: Robe              |    15 |    12 |       ||    27
       Steam dragon scal |       |     7 |    15 ||    22
Dodge: Dodged            |    34 |    55 |    49 ||   138
Block: Other             |       |     5 |    33 ||    38
